 Dungeon Crawl Stone Soup version 0.30-a0-311-gf115ab0292 (webtiles) character file.

Game seed: 473493021446983306

131457 freelancePsychic the Earth Mage (level 17, -1/129 (138) HPs)
             Began as a Formicid Brigand on Oct 25, 2022.
             Was an Initiate of Gozag.
             Slain by a pharaoh ant (23 damage)
             ... on level 3 of the Spider Nest.
             The game lasted 01:10:19 (35970 turns).

freelancePsychic the Earth Mage (Formicid Brigand) Turns: 35970, Time: 01:10:20

HP:   -1/129 (138)  AC: 23    Str: 20    XL:     17   Next: 67%
MP:   0/40          EV: 14    Int: 34    God:    Gozag
Gold: 6923          SH:  5    Dex: 17    Spells: 7/36 levels left

rFire   + . .      SeeInvis +    x - +9 dagger of Intimidation {pain, rPois rC+ MP+9}
rCold   + . .      Faith    .    d - +0 buckler
rNeg    + . .      Spirit   +    Q - +4 ring mail {rF+}
rPois   +          Reflect  .    (helmet unavailable)
rElec   .          Harm     .    P - +2 cloak {rCorr}
rCorr   +          Rampage  .    K - +2 pair of gloves
Will    +....                    e - +2 pair of boots {Stlth+}
Stlth   ++........               Z - amulet "Wuapous" {Spirit Fragile rN+ Regen+ Int+4 Dex+3}
HPRegen 1.21/turn                h - +6 ring of intelligence
MPRegen 0.27/turn                H - +6 ring of intelligence

@: spewing sludge, very slightly contaminated, drained, very slow
A: permanent stasis, dig shafts and tunnels, antennae 3, four strong arms,
talons 1, iridescent scales 1, shaggy fur 1, strong 1, wild magic 1
a: Dig, Shaft Self, Renounce Religion, Potion Petition, Call Merchant, Bribe
Branch


You were on level 3 of the Spider Nest.
You worshipped Gozag.
Gozag was greatly pleased with you.
You visited 5 branches of the dungeon, and saw 26 of its levels.
You also visited: Bailey and Gauntlet.

You collected 9679 gold pieces.
You spent 1296 gold pieces at shops.
You paid 1460 gold pieces to Gozag.

Inventory:

Hand Weapons
 x - the +9 dagger of Intimidation (weapon) {pain, rPois rC+ MP+9}
   (You found it on level 5 of the Dungeon)

   In the hands of one skilled in necromantic magic, it inflicts extra damage on
   living creatures.
   rC:        It protects you from cold.
   rPois:     It protects you from poison.
   MP:        It affects your magic capacity (+9).
Missiles
 t - 24 poisoned darts
 J - 4 datura-tipped darts
 M - 10 curare-tipped darts
Armour
 b - a +0 kite shield
 d - a +0 buckler (worn)
 e - a +2 pair of boots of stealth (worn)
 K - a +2 pair of gloves (worn)
 P - a +2 cloak of preservation (worn)
 Q - a +4 ring mail of fire resistance (worn)
Magical Staves
 T - a staff of earth
Jewellery
 c - an amulet of magic regeneration
 h - a +6 ring of intelligence (left hand)
 H - a +6 ring of intelligence (right hand)
 N - a ring of willpower
 S - the ring "Pikeotib" {Contam rPois Str+9 Int+4 SInv}
   (You found it on level 2 of the Lair of Beasts)

   [ring of poison resistance]

   Str:       It affects your strength (+9).
   Int:       It affects your intelligence (+4).
   rPois:     It protects you from poison.
   SInv:      It lets you see invisible.
   Contam:    It causes magical contamination when unequipped.
 W - a ring of willpower
 X - a ring of protection from fire
 Z - the amulet "Wuapous" (around neck) {Spirit Fragile rN+ Regen+ Int+4 Dex+3}
   (You acquired it on level 2 of the Orcish Mines)

   [amulet of guardian spirit]

   It causes incoming damage to be divided between your reserves of health and
   magic.
   Int:       It affects your intelligence (+4).
   Dex:       It affects your dexterity (+3).
   rN:        It protects you from negative energy.
   Regen:     It increases your rate of health regeneration.
   Fragile:   It will be destroyed if unequipped.
Wands
 r - a wand of flame (44)
 s - a wand of polymorph (12)
 C - a wand of mindburst (21)
 F - a wand of charming (13)
 I - a wand of roots (9)
 Y - a wand of quicksilver (11)
Scrolls
 k - 3 scrolls of immolation
 l - 11 scrolls of identify {@r1}
 n - 4 scrolls of fear
 o - 3 scrolls of vulnerability
 p - 3 scrolls of silence
 y - 5 scrolls of magic mapping
 G - 5 scrolls of butterflies
 L - a scroll of enchant weapon
 O - 2 scrolls of amnesia
 R - 3 scrolls of summoning
 V - a scroll of poison
Potions
 f - 6 potions of lignification
 g - 6 potions of attraction
 i - 16 potions of heal wounds {@q2}
 j - 8 potions of curing {@q1}
 m - 3 potions of mutation
 q - 6 potions of might
 u - 7 potions of magic
 v - 3 potions of cancellation
 w - 4 potions of brilliance
 z - 4 potions of resistance
 A - 6 potions of degeneration
 B - 4 potions of invisibility
 E - 2 potions of flight
Miscellaneous
 a - a phantom mirror
 D - a box of beasts


   Skills:
 + Level 13.7 Fighting
 - Level 2.3 Short Blades
 - Level 2.0 Throwing
 - Level 6.7 Armour
 - Level 6.8 Dodging
 - Level 5.1 Stealth
 - Level 3.7 Shields
 - Level 10.1 Spellcasting
 + Level 9.7 Conjurations
 - Level 10.4 Necromancy
 - Level 10.0 Transmutations
 - Level 5.5 Fire Magic
 + Level 15.8 Earth Magic
 - Level 12.5 Poison Magic


You had 7 spell levels left.
You knew the following spells:

 Your Spells              Type           Power      Damage    Failure   Level
a - Foxfire               Conj/Fire      100%       2x1d9     1%          1
b - Borgnjor's Vile Clut  Necr/Erth      47%        N/A       1%          5
c - Iron Shot             Conj/Erth      47%        9d9       7%          6
d - Eringya's Noxious Bo  Tmut/Pois      44%        N/A       12%         6
e - Lee's Rapid Deconstr  Erth           52%        3d24*     1%          5
f - Dispel Undead         Necr           85%        3d27      1%          4
j - Sublimation of Blood  Necr           85%        N/A       1%          2

Your spell library contained the following spells:

 Spells                   Type           Power      Damage    Failure   Level
 Kiss of Death            Conj/Necr      100%       2d13      1%          1
 Sandblast                Erth           100%       2d20      1%          1
 Shock                    Conj/Air       100%       1d9       1%          1
 Sting                    Tmut/Pois      100%       1d8       1%          1
 Cigotuvi's Dreadful Rot  Necr/Pois/Air  100%       N/A       1%          2
 Passwall                 Tmut/Erth      79%        N/A       1%          2
 Poisonous Vapours        Pois/Air       100%       N/A       1%          2
 Scorch                   Fire           100%       2d10      1%          2
 Mephitic Cloud           Conj/Pois/Air  73%        N/A       1%          3
 Spider Form              Tmut/Pois      89%        N/A       1%          3
 Stone Arrow              Conj/Erth      100%       3d13      1%          3
 Vampiric Draining        Necr           85%        2d12      1%          3
 Petrify                  Tmut/Erth      95%        N/A       1%          4
 Momentum Strike          Conj/Tloc      100%       3d10      2%          2
 Static Discharge         Conj/Air       100%       2-7/arc   2%          2
 Dazzling Flash           Conj/Hex       100%       N/A       3%          3
 Hailstorm                Conj/Ice       60%        3d13      3%          3
 Leda's Liquefaction      Hex/Erth       37%        N/A       3%          4
 Flame Wave               Conj/Fire      74%        2d16      4%          4
 Sticky Flame             Conj/Fire      74%        2d9       4%          4
 Blade Hands              Tmut           42%        N/A       4%          5
 Iskenderun's Battlesphe  Conj           83%        2d13      4%          5
 Statue Form              Tmut/Erth      63%        N/A       6%          6
 Slow                     Hex            88%        N/A       8%          1
 Summon Small Mammal      Summ           88%        N/A       8%          1
 Inner Flame              Hex/Fire       46%        N/A       8%          3
 Anguish                  Hex/Necr       31%        N/A       10%         4
 Ice Form                 Ice/Tmut       61%        N/A       10%         4
 Fireball                 Conj/Fire      37%        3d15      10%         5
 Iskenderun's Mystic Bla  Conj/Tloc      60%        2d13      11%         4
 Ensorcelled Hibernation  Hex/Ice        44%        N/A       12%         2
 Death Channel            Necr           42%        N/A       16%         6
 Call Canine Familiar     Summ           22%        N/A       22%         3
 Confusing Touch          Hex            22%        N/A       22%         3
 Lesser Beckoning         Tloc           44%        N/A       22%         3
 Portal Projectile        Hex/Tloc       44%        N/A       22%         3
 Summon Guardian Golem    Hex/Summ       22%        N/A       22%         3
 Teleport Other           Tloc           22%        N/A       22%         3
 Tukima's Dance           Hex            22%        N/A       22%         3
 Vhi's Electric Charge    Tloc/Air       44%        N/A       22%         3
 Arcjolt                  Conj/Air       30%        1d40      26%         5
 Lightning Bolt           Conj/Air       30%        1d47      26%         5
 Starburst                Conj/Fire      37%        6d11      43%         6
 Airstrike                Air            11%        2d(2-18)  54%         4
 Summon Ice Beast         Ice/Summ       22%        N/A       54%         4
 Summon Lightning Spire   Summ/Air       22%        N/A       54%         4
 Summon Cactus Giant      Summ           11%        N/A       100%        6
 Enfeeble                 Hex            11%        N/A       100%        7
 Spellforged Servitor     Conj/Summ      30%        N/A       100%        7
 Lehudib's Crystal Spear  Conj/Erth      47%        10d11     91%         8
 Disjunction              Tloc           11%        N/A       100%        8
 Shatter                  Erth           52%        3d39*     100%        9
 Animate Dead             Necr           Unusable   N/A       N/A         4
 Blink                    Tloc           Unusable   N/A       N/A         2
 Swiftness                Air            Unusable   N/A       N/A         3
 Simulacrum               Ice/Necr       Unusable   N/A       N/A         6

Dungeon Overview and Level Annotations

Branches:
Dungeon (15/15)            Temple (1/1) D:4            Lair (5/5) D:9
 Shoals (0/4) Lair:2       Spider (3/4) Lair:3        Slime (0/5) Lair:5
    Orc (2/2) D:10            Elf (0/3) Orc:2        Vaults (0/5) D:14
 Depths (0/4) D:15         Bailey (visited)         Gauntlet (visited)

Altars:
Ashenzari
Cheibriados
Dithmenos
Fedhas
Gozag
Hepliaklqana
Kikubaaqudgha
Makhleb
Nemelex Xobeh
Okawaru
Qazlal
Ru
Sif Muna
Trog
Uskayaw
Vehumet
Wu Jian
Xom
Yredelemnul
The Shining One
Jiyva

Shops:
D:5 *   D:10 [   D:13 (   Orc:2 *[*:   Lair:3 :

Annotations:
D:3 2 transporters, Bediveer's ghost, amateur OpEE
D:6 1 runed translucent door, blackman's ghost, weakling HuDe
D:11 3 runed translucent doors, osoart's ghost, journeyman DrRe
Lair:4 3 runed translucent doors, Zun Lasmi's ghost, journeyman VSTm
Spider:3 Mara


Innate Abilities, Weirdness & Mutations

You cannot be hasted, slowed, berserked, paralysed or teleported.
You can dig through walls and to a lower floor.
You have a pair of large antennae on your head. (SInv)
Your four strong arms can wield two-handed weapons with a shield.
You have sharp toenails.
You are partially covered in iridescent scales. (AC +2)
You are covered in fur. (AC +1)
Your muscles are strong. (Str +4, Int/Dex -1)
Your spells are a little harder to cast, but a little more powerful.


Message History

The demonic crawler hits you. The demonic crawler misses you.
The demonic crawler hits you but does no damage.
The pharaoh ant festers in the toxic bog.
The pharaoh ant bites you! You partially resist.
You feel drained.
The demonic crawler festers in the toxic bog!
The demonic crawler looks as sick as possible!
The demonic crawler shrieks in warning!
The pharaoh ant festers in the toxic bog.
You block the pharaoh ant's attack.
The demonic crawler festers in the toxic bog.
The demonic crawler looks as sick as possible!
The demonic crawler is distracted by your dazzling golden aura.
The pharaoh ant festers in the toxic bog.
The pharaoh ant bites you!!
* * * LOW HITPOINT WARNING * * *
The demonic crawler festers in the toxic bog.
The demonic crawler looks as sick as possible!
The demonic crawler is no longer distracted by gold.
The pharaoh ant festers in the toxic bog.
The pharaoh ant barely misses you.
The demonic crawler festers in the toxic bog.
The demonic crawler looks as sick as possible!
The demonic crawler becomes momentarily stuck in the toxic bog. x2
You block the demonic crawler's attack.
You feel much better.
The pharaoh ant festers in the toxic bog.
The pharaoh ant bites you!!
* * * LOW HITPOINT WARNING * * *
You partially resist.
You feel drained.
* * * LOW HITPOINT WARNING * * *
The demonic crawler festers in the toxic bog!
The demonic crawler looks as sick as possible!
The demonic crawler completely misses you.
The demonic crawler hits you but does no damage.
The demonic crawler hits you.
* * * LOW HITPOINT WARNING * * *
The pharaoh ant festers in the toxic bog.
The pharaoh ant bites you!!
You die...
Your body crumbles into a pile of gold.

### #.. ##.##... ##. # #... .# ##
#... . ###.# ## . ##.. .. #.^^.#
###^#.. ##. # .. ##.....##.#^....
#. #### ####..~...^~.~~...# #.
~≈≈###.##..~~~.#~~~~$..# ##.
#~#~≈.....~#~~~~@B≈~~..# ##..
~...~..# #≈~~~~~ss#....######..#
~...~~~#####~~~~≈≈.#..####..^##.#
~....≈~≈≈≈≈≈~~~~~#..... #....)<.#
....##.~#≈≈≈~~#~≈.....s.#.......#
........≈≈≈~~...~###....#.....^##
..<.~@..#~#~.##..~.##.###......##
~...~~≈~.~..##..~~..###....[....#
~~..~.≈≈~.≈.#..~~....^......##..#


You could see a demonic crawler (extremely poisoned), a wolf spider and a
pharaoh ant.

Vanquished Creatures
  Rupert (Spider:1)
  Donald (Spider:2)
  An emperor scorpion (Spider:2)
  A ghost moth (Spider:1)
  A broodmother (Spider:2)
  A stone giant (D:15)
  A spark wasp (Spider:1)
  A minotaur (Gauntlet)
  3 entropy weavers (Spider:1)
  An ogre mage (D:15)
  4 hydras
  Erolcha (D:11)
  Harold (D:11)
  3 catoblepae (Lair:5)
  4 centaur warriors
  2 jorogumos
  7 dancing weapons (Spider:1)
  A radroach (Spider:1)
  6 two-headed ogres
  8 boulder beetles
  2 orc high priests (Orc:1)
  7 death yaks
  6 tengu warriors
  Nergalle (D:10)
  Sonja (D:11)
  A fire crab (shapeshifter) (D:14)
  A pharaoh ant (Spider:1)
  An orange crystal statue (D:11)
  11 steelbarb worms
  2 orb spiders
  A wizard (D:15)
  3 deep elf pyromancers
  3 orc knights
  16 wolf spiders
  An oklob plant (Gauntlet)
  5 orc sorcerers (Orc:2)
  6 manticores
  6 ugly things
  9 cyclopes
  Joseph (D:8)
  3 black mambas
  A centaur zombie (Gauntlet)
  11 elephants
  7 cane toads (Lair:5)
  An unseen horror (D:13)
  3 torpor snails
  A freezing wraith (D:15)
  4 rime drakes
  2 kobold demonologists (D:9)
  7 komodo dragons
  3 yaktaurs (D:15)
  8 demonic crawlers
  A tengu conjurer (D:10)
  A wind drake (Lair:2)
  11 trolls
  13 tarantellas
  4 polar bears
  13 blink frogs
  9 slime creatures
  20 dream sheep
  A snapping turtle (shapeshifter) (D:13)
  9 jumping spiders
  A jumping spider (shapeshifter) (D:10)
  A spectral meliai (Gauntlet)
  A centaur simulacrum (D:10)
  2 shadows
  18 culicivoras
  5 wyverns
  62 yaks
  2 vampires
  3 water elementals
  3 wraiths
  8 basilisks
  8 vampire mosquitoes
  25 redbacks
  5 wargs
  7 acid dragons
  17 water moccasins
  2 sky beasts (D:7)
  13 orc warriors
  7 black bears
  14 wolves
  9 ogres
  2 phantoms (D:6)
  13 centaurs
  Blork the orc (D:4)
  4 kobold brigands
  10 bullfrogs
  2 gnoll sergeants
  2 scorpions
  2 necrophages (D:4)
  24 killer bees
  8 howler monkeys
  6 electric eels
  3 lava snakes (D:11)
  4 jellies
  5 hounds
  14 orc priests
  A gnoll bouda (D:7)
  A spectral boggart (Gauntlet)
  Ijyb (D:3)
  4 iguanas
  41 orc wizards
  Robin (D:4)
  23 gnolls
  7 adders
  A shadow imp (D:5)
  2 white imps
  An ufetubus (D:6)
  2 worms
  3 dart slugs
  97 orcs
  6 ball pythons
  4 bats
  8 endoplasms
  6 giant cockroaches
  23 goblins
  8 hobgoblins
  3 jackals (D:1)
  5 quokkas
  4 frilled lizards
  26 kobolds
  5 rats
862 creatures vanquished.

Vanquished Creatures (collateral kills)
  7 foxfires (D:9)
7 creatures vanquished.

Vanquished Creatures (others)
  A jumping spider (Spider:1)
  962 foxfires
  99 fungi
  82 plants
1144 creatures vanquished.

Grand Total: 2013 creatures vanquished

Notes
Turn   | Place    | Note
-------+----------+-------------------------------------------
     0 | D:1      | freelancePsychic the Formicid Brigand began the quest for
                  | the Orb.
     0 | D:1      | Reached XP level 1. HP: 16/16 MP: 1/1
   125 | D:1      | Reached skill level 5 in Stealth
   133 | D:1      | Reached XP level 2. HP: 21/23 MP: 2/2
   409 | D:1      | Reached XP level 3. HP: 28/28 MP: 3/3
   788 | D:1      | Learned a level 1 spell: Foxfire
   896 | D:2      | Reached skill level 1 in Conjurations
   896 | D:2      | Reached skill level 1 in Fire Magic
   896 | D:2      | Reached XP level 4. HP: 34/34 MP: 3/5
  1062 | D:2      | Reached skill level 1 in Spellcasting
  1464 | D:2      | Reached XP level 5. HP: 39/39 MP: 6/6
  2571 | D:3      | Noticed Ijyb
  2619 | D:3      | Killed Ijyb
  2620 | D:3      | Reached XP level 6. HP: 27/46 MP: 0/8
  2816 | D:3      | Noticed Bediveer's ghost (amateur OpEE)
  2822 | D:3      | Found a transporter.
  2888 | D:3      | Found a transporter.
  2954 | D:3      | Found a faded altar of an unknown god.
  3242 | D:4      | Found a staircase to the Ecumenical Temple.
  3252 | Temple   | Entered the Ecumenical Temple
  3315 | Temple   | Became a worshipper of Gozag Ym Sagoz the Greedy
  3501 | D:4      | Noticed an ogre
  3526 | D:4      | Killed an ogre
  3527 | D:4      | Reached XP level 7. HP: 44/51 MP: 2/10
  3699 | D:4      | Gained mutation: You have hidden genetic potential. [potion
                  | of mutation]
  3699 | D:4      | Gained mutation: You have sharp toenails. [potion of
                  | mutation]
  3699 | D:4      | Gained mutation: You are covered in fur. (AC +1) [potion of
                  | mutation]
  3699 | D:4      | Gained mutation: You are partially covered in iridescent
                  | scales. (AC +2) [potion of mutation]
  4114 | D:4      | Found a broken altar of Ashenzari.
  4114 | D:4      | Found a shimmering blue altar of Sif Muna.
  4502 | D:4      | Noticed Robin
  4505 | D:4      | Reached XP level 8. HP: 58/58 MP: 5/12
  4513 | D:4      | Killed Robin
  4810 | D:5      | Entered Level 5 of the Dungeon
  4811 | D:5      | Noticed Blork the orc
  4821 | D:4      | Killed Blork the orc
  4827 | D:4      | Gained mutation: Your spells are a little harder to cast,
                  | but a little more powerful. [hidden potential]
  4878 | D:4      | Learned a level 5 spell: Fireball
  4887 | D:4      | Reached skill level 5 in Fire Magic
  4965 | D:5      | Found Xowi's General Store.
  5000 | D:5      | Identified the +9 dagger of Intimidation {pain, rPois rC+
                  | MP+9}
  5389 | D:5      | Reached skill level 5 in Conjurations
  5645 | D:6      | Reached skill level 1 in Necromancy
  5645 | D:6      | Reached skill level 1 in Earth Magic
  5698 | D:6      | Reached skill level 2 in Earth Magic
  5759 | D:6      | Reached skill level 5 in Fighting
  5759 | D:6      | Reached XP level 9. HP: 68/68 MP: 13/13
  5940 | D:6      | Found a runed translucent door.
  5944 | D:6      | Noticed blackman's ghost (weakling HuDe)
  5950 | D:6      | Reached skill level 3 in Earth Magic
  6151 | D:6      | Reached skill level 4 in Earth Magic
  6745 | D:7      | Reached skill level 5 in Earth Magic
  6892 | D:7      | Reached XP level 10. HP: 13/77 MP: 11/14
  7128 | D:7      | Reached skill level 5 in Necromancy
  7128 | D:7      | Reached skill level 6 in Earth Magic
  7146 | D:7      | Gained mutation: Your muscles are strong. (Str +4, Int/Dex
                  | -1) [hidden potential]
  7146 | D:7      | Lost mutation: You have hidden genetic potential. [hidden
                  | potential expressed]
  7787 | D:7      | Learned a level 5 spell: Borgnjor's Vile Clutch
  7817 | D:8      | Found a flagged portal.
  7823 | Bailey   | Entered a bailey
  8304 | Bailey   | Noticed an orc knight
  8342 | Bailey   | Killed an orc knight
  8343 | Bailey   | Reached skill level 7 in Earth Magic
  8668 | D:8      | Noticed Joseph
  9561 | D:8      | Killed Joseph
  9562 | D:8      | Reached skill level 8 in Earth Magic
 10134 | D:9      | Noticed a komodo dragon
 10151 | D:9      | Killed a komodo dragon
 10152 | D:9      | Reached XP level 11. HP: 61/87 MP: 15/15
 10310 | D:9      | Reached skill level 9 in Earth Magic
 10405 | D:9      | Found a staircase to the Lair.
 10602 | D:9      | Noticed a green ugly thing
 10609 | D:9      | Killed a green ugly thing
 10708 | D:9      | Noticed a centaur warrior
 10718 | D:9      | Killed a centaur warrior
 10719 | D:9      | Reached skill level 10 in Fighting
 10751 | D:9      | Found an ancient bone altar of Kikubaaqudgha.
 11233 | D:10     | Entered Level 10 of the Dungeon
 11275 | D:10     | Reached skill level 1 in Armour
 11275 | D:10     | Reached skill level 10 in Earth Magic
 11943 | D:10     | Noticed a centaur warrior
 11952 | D:10     | Reached XP level 12. HP: 76/97 MP: 16/16
 11955 | D:10     | Killed a centaur warrior
 11962 | D:10     | Reached skill level 11 in Earth Magic
 12386 | D:10     | Reached skill level 5 in Armour
 12452 | D:10     | Noticed a boulder beetle
 12640 | D:10     | Noticed a four-headed hydra
 12650 | D:10     | Killed a four-headed hydra
 12659 | D:10     | Killed a boulder beetle
 12802 | D:10     | Identified the +8 shortbow of Mysues {speed, Dex+7}
 12818 | D:10     | Reached skill level 10 in Necromancy
 12970 | D:10     | Noticed a two-headed ogre
 12979 | D:10     | Killed a two-headed ogre
 12980 | D:10     | Reached skill level 12 in Earth Magic
 13319 | D:10     | Noticed Nergalle
 13320 | D:10     | Found a staircase to the Orcish Mines.
 13327 | D:10     | Killed Nergalle
 13420 | D:10     | Found a radiant altar of Vehumet.
 13516 | D:10     | Identified the +1 ring mail of True Grit {Int+2}
 13804 | D:10     | Bought a glowing cloak for 150 gold pieces
 13846 | D:11     | Reached skill level 1 in Dodging
 13878 | D:11     | Noticed a tengu warrior
 13955 | D:11     | Noticed a boulder beetle
 13965 | D:11     | Killed a boulder beetle
 14099 | D:11     | Found a runed translucent gate.
 14100 | D:11     | Found a runed translucent gate.
 14102 | D:11     | Found a runed translucent gate.
 14104 | D:11     | Noticed osoart's ghost (journeyman DrRe)
 14180 | D:11     | Reached XP level 13. HP: 96/103 MP: 19/19
 14222 | D:11     | You fall into a shaft and drop 1 floor!
 14263 | D:12     | Found a gate leading to a gauntlet.
 14275 | Gauntlet | Entered a Gauntlet
 14275 | Gauntlet | Found a transporter.
 14275 | Gauntlet | Found a transporter.
 14304 | Gauntlet | Found a transporter.
 14320 | Gauntlet | Found a transporter.
 14335 | Gauntlet | Found a transporter.
 14335 | Gauntlet | Found a transporter.
 14335 | Gauntlet | Found a transporter.
 14337 | Gauntlet | Found a transporter.
 14337 | Gauntlet | Found a transporter.
 14350 | Gauntlet | Found a transporter.
 14366 | Gauntlet | Found a transporter.
 14376 | Gauntlet | Found a transporter.
 14390 | Gauntlet | Found a transporter.
 14410 | Gauntlet | Found a transporter.
 14783 | Gauntlet | Noticed a minotaur
 14791 | Gauntlet | Killed a minotaur
 14792 | Gauntlet | Reached skill level 5 in Spellcasting
 14813 | Gauntlet | Got the Anthology of Transmigration
 14913 | D:12     | Reached skill level 1 in Poison Magic
 15084 | D:12     | Reached skill level 1 in Transmutations
 16002 | D:12     | Reached skill level 5 in Dodging
 16159 | D:11     | Noticed Erolcha
 16185 | D:11     | Noticed Harold
 16261 | Lair:1   | Entered Level 1 of the Lair of Beasts
 16463 | Lair:1   | Reached skill level 5 in Poison Magic
 16666 | Lair:1   | Found a sacrificial altar of Ru.
 17094 | Lair:1   | Reached skill level 5 in Transmutations
 17375 | Lair:1   | Learned a level 6 spell: Eringya's Noxious Bog
 17463 | Lair:2   | Identified the ring "Pikeotib" {Contam rPois Str+9 Int+4
                  | SInv}
 17523 | Lair:2   | Found a staircase to the Shoals.
 17796 | Lair:2   | Reached XP level 14. HP: 94/110 MP: 15/22
 19367 | Lair:3   | Found a hole to the Spider Nest.
 20118 | Lair:4   | Reached skill level 1 in Shields
 20470 | Lair:4   | Noticed Zun Lasmi's ghost (journeyman VSTm)
 20894 | Lair:4   | Found a runed translucent gate.
 20894 | Lair:4   | Found a runed translucent gate.
 20894 | Lair:4   | Found a runed translucent gate.
 20896 | Lair:4   | Noticed a minotaur
 21261 | Lair:5   | Entered Level 5 of the Lair of Beasts
 22275 | Lair:5   | Found a staircase to the Slime Pits.
 22276 | Lair:5   | Found a viscous altar of Jiyva.
 22438 | Lair:5   | Reached skill level 10 in Poison Magic
 22449 | Lair:5   | Reached XP level 15. HP: 67/115 MP: 19/27
 24056 | Orc:1    | Entered Level 1 of the Orcish Mines
 24760 | Orc:1    | Reached skill level 10 in Transmutations
 25117 | Orc:2    | Entered Level 2 of the Orcish Mines
 25593 | Orc:2    | Found a staircase to the Elven Halls.
 25617 | Orc:2    | Found Zanodd's Assorted Antiques.
 25626 | Orc:2    | Found Jouw's Antique Armour Emporium.
 25749 | Orc:2    | Bought a pair of embroidered boots for 202 gold pieces
 25814 | Orc:2    | Reached skill level 10 in Spellcasting
 25864 | Orc:2    | Found Kistoix's Book Emporium.
 25864 | Orc:2    | Found Nyplattu's General Store.
 26029 | Orc:2    | Bought a scroll of acquirement for 624 gold pieces
 26029 | Orc:2    | Acquired Kuesk's Almanac of Iron Blasting
 26031 | Orc:2    | Acquired the amulet "Wuapous" {Spirit Fragile rN+ Regen+
                  | Int+4 Dex+3}
 26330 | D:11     | Noticed Sonja
 26334 | D:11     | Killed Sonja
 26339 | D:11     | Killed Erolcha
 26482 | D:11     | Killed Harold
 26559 | D:11     | Learned a level 5 spell: Lee's Rapid Deconstruction
 26851 | D:11     | Learned a level 6 spell: Iron Shot
 27154 | D:13     | Found Fouklum's Weapon Boutique.
 27553 | D:13     | Reached XP level 16. HP: 123/123 MP: 30/30
 27573 | D:13     | Identified the +5 trident "Pauclaj" {vorpal, Str+3 Int-2
                  | SInv Stlth+}
 28805 | D:14     | Found a gate to the Vaults.
 29143 | D:14     | Found an opulent altar of Gozag.
 29384 | D:14     | Learned a level 4 spell: Dispel Undead
 29398 | D:15     | Entered Level 15 of the Dungeon
 29411 | D:15     | Reached skill level 13 in Earth Magic
 29597 | D:15     | Found a staircase to the Depths.
 30490 | D:15     | Identified the +9 war axe "Ility" {speed, Will+ rCorr
                  | Dex+4}
 31357 | Spider:1 | Entered Level 1 of the Spider Nest
 31658 | Spider:1 | Reached skill level 14 in Earth Magic
 32007 | Lair:3   | Bought Ikyr Ukic's Grimoire of the Congealing Crypt for 320
                  | gold pieces
 32010 | Lair:3   | Learned a level 2 spell: Sublimation of Blood
 32651 | Spider:1 | Reached XP level 17. HP: 112/135 MP: 4/31
 32875 | Spider:1 | Found a runed translucent door.
 33001 | Spider:1 | Noticed Rupert
 33009 | Spider:1 | Killed Rupert
 33797 | Spider:1 | Identified the +1 ring mail "Ufebemiu" {Will++}
 33810 | Spider:1 | Reached skill level 15 in Earth Magic
 34253 | Spider:2 | Got the Collected Works on the Voyage
 35642 | Spider:3 | Noticed Mara
 35646 | Spider:3 | Noticed freelancePsychic's illusion
 35667 | Spider:3 | Noticed Donald
 35677 | Spider:2 | Killed Donald
 35970 | Spider:3 | Slain by a pharaoh ant

Illustrated notes

Levels and vault maps discovered:
D:1:      minmay_arrival_stone_box, layout_loops_ring
D:2:      cheibrodos_pilgrimage, layout_basic, kennysheep_generic_room_2
D:3:      kennysheep_the_goblin_king, layout_rooms, basic_ecumenical_altar,
          gammafunk_ghost_arena, serial_curves, eino_curves_03, eino_curves_03,
          eino_curves_04, eino_curves_02, wander_ebering_terrifying_dragon_lair
D:4:      wad_lake_hut, layout_basic, gammafunk_temple_overflow_elements,
          minmay_temple_entry_mini_moons, serial_corexii_hall,
          corexii_hall_statues_l, corexii_hall_statues_x,
          chequers_hall_statues_wall_a, serial_bayou_crossing, uniq_robin
D:5:      layout_cave_pools, minivault_14, nicolae_stop_n_shop_2,
          uniq_blork_the_orc
D:6:      layout_cave_pools, ebering_ghost_sewer_d, solitary_fountain
D:7:      layout_cave_pools, chequers_serial_rivers_micro_c
D:8:      layout_loops_ring, enter_bailey_2, nicolae_figureground_sparkle,
          uniq_joseph
D:9:      layout_basic, nicolae_overflow_hidden_temple,
          due_lair_maze_entry_diamond
D:10:     minmay_the_grid_octo_triangle [minmay_the_grid_octo_fat_diamond,
          minmay_the_grid_octo_prize_big_c, minmay_the_grid_octo_clover_2],
          layout_loops_ring, mainiacjoe_overflow_brackets,
          minmay_orc_entry_temple_small, hangedman_abyss_or_decor_stagger,
          grunt_decor_arrowhead, uniq_nergalle
D:11:     layout_loops_ring, gammafunk_ghost_split, disabler_island,
          uniq_harold, uniq_erolcha, uniq_sonja
D:12:     layout_loops_corners, gauntlet_entry_generic
D:13:     layout_basic, serial_shops, shop
D:14:     layout_basic, nicolae_gozag_cash_rules_everything_around_me,
          minivault_23, kennysheep_generic_room_4
D:15:     grunt_enter_depths_giant_problem, layout_basic, serial_park_tiny_pond
Temple:   nicolae_temple_x_marks_the_god
Lair:1:   layout_big_grid, chequers_serial_rivers_room_a, lemuel_centaur_altar
Lair:2:   layout_cave_pods, minmay_shoals_entry_beasts,
          nicolae_lair_grove_arrangements, nicolae_quartered_pool_impasse,
          minivault_26
Lair:3:   layout_layer_cave, dummy_spider_entry
Lair:4:   layout_loops_ring, maelrawn_ghost_gauntlet_escape
Lair:5:   evilmike_catoblepas_cave, layout_regular_city, slime_entry_1,
          lemuel_fruit_tree
Spider:1: cheibrodos_spider_deadly_dance, spiders_nest_hornet_nest, uniq_rupert
Spider:2: layout_spider_delve
Spider:3: layout_spider_delve, uniq_donald, uniq_mara
Orc:1:    nicolae_orc_accident_2, layout_diamond_mine
Orc:2:    st_orc_town, layout_caves, basic_altar, nicolae_orc_damp_corner

Skill      XL: |  1  2  3  4  5  6  7  8  9 10 11 12 13 14 15 16 17 |
---------------+----------------------------------------------------+-----
Stealth        | 5 |  5.1
Conjurations   | 1 2 3 4 5 8 9 |  9.7
Fire Magic     | 1 2 3 4 5 |  5.5
Spellcasting   | 1 2 3 4 5 8 10 | 10.1
Fighting       | 3 5 6 8 10 12 13 | 13.7
Necromancy     | 2 4 7 8 10 | 10.4
Earth Magic    | 2 5 8 10 12 14 15 | 15.8
Armour         | 3 6 |  6.7
Dodging        | 2 6 |  6.8
Poison Magic   | 6 10 12 | 12.5
Transmutations | 5 8 10 | 10.0
Shields        | 3 |  3.7
Short Blades   | |  2.3
Throwing       | |  2.0

Action                   |  1- 3 |  4- 6 |  7- 9 | 10-12 | 13-15 | 16-18 || total
-------------------------+-------+-------+-------+-------+-------+-------++-------
Melee: Dagger            |    70 |    65 |    53 |   204 |   743 |    98 ||  1233
       Punch             |     1 |       |       |     5 |     2 |       ||     8
       Kick              |       |       |    12 |       |       |       ||    12
Throw: Dart              |     6 |    25 |    18 |    36 |     4 |       ||    89
 Cast: Foxfire           |       |    96 |   192 |   247 |     3 |       ||   538
       Borgnjor's Vile C |       |       |       |    51 |   163 |    43 ||   257
       Lee's Rapid Decon |       |       |       |       |     9 |    19 ||    28
       Eringya's Noxious |       |       |       |       |     8 |    44 ||    52
       Iron Shot         |       |       |       |       |       |    75 ||    75
       Sublimation of Bl |       |       |       |       |       |     1 ||     1
Invok: Call Merchant     |       |       |       |     1 |     1 |       ||     2
 Abil: Dig               |       |       |       |     1 |     7 |       ||     8
Evoke: Wand              |       |     3 |       |     2 |     7 |     1 ||    13
  Use: Scroll            |     2 |     4 |     8 |     3 |    14 |     3 ||    34
       Potion            |       |       |     4 |     2 |     1 |     2 ||     9
 Stab: Sleeping          |     9 |     6 |     2 |     2 |     2 |     3 ||    24
       Distracted        |       |       |       |     2 |    15 |       ||    17
Armor: Robe              |    11 |     9 |    27 |       |       |       ||    47
       Ring mail         |       |       |    36 |   177 |   315 |   100 ||   628
       Steam dragon scal |       |       |       |       |    26 |    31 ||    57
Dodge: Dodged            |    28 |    41 |    81 |   174 |   415 |   165 ||   904
Block: Buckler           |       |       |       |       |   135 |    65 ||   200
       Reflection        |       |       |       |       |     2 |       ||     2

Table legend: (Time is in decaauts)
 A = Elapsed time spent in this place.
 B = Non-inter-level travel time spent in this place.
 C = Inter-level travel time spent in this place.
 D = Time resting spent in this place.
 E = Time spent auto-exploring this place.
 F = Levels seen in this place.
 G = Mean time per level.
                   A        B        C        D        E       F      G
               +--------+--------+--------+--------+--------+-----+--------+
         Total |  35918 |  34353 |   1565 |    709 |  27772 |  28 | 1282.8 |
       Dungeon |  20002 |  19076 |    926 |    437 |  15554 |  15 | 1333.5 |
        Temple |     67 |     60 |      7 |      0 |     46 |   1 |   67.0 |
          Lair |   7991 |   7508 |    483 |     80 |   6221 |   5 | 1598.2 |
   Spider Nest |   4409 |   4348 |     61 |      4 |   3639 |   3 | 1469.7 |
  Orcish Mines |   2122 |   2036 |     86 |      0 |   1589 |   2 | 1061.0 |
        Bailey |    746 |    746 |      0 |      0 |    511 |   1 |  746.0 |
      Gauntlet |    578 |    578 |      0 |    188 |    212 |   1 |  578.0 |
               +--------+--------+--------+--------+--------+-----+--------+

Top non-repeatable levels by time:
  Lair:5: 2463 daAuts
Spider:1: 2447 daAuts
    D:10: 2281 daAuts
     D:9: 1752 daAuts
  Lair:3: 1713 daAuts
    D:15: 1707 daAuts
     D:4: 1605 daAuts
     D:8: 1440 daAuts
    D:13: 1422 daAuts
    D:12: 1390 daAuts
     D:2: 1366 daAuts
  Lair:4: 1327 daAuts
     D:7: 1257 daAuts
  Lair:2: 1247 daAuts
  Lair:1: 1239 daAuts
